 Dungeon Crawl Stone Soup version 0.28.0-43-g3370ac3207 (webtiles) character file.

Game seed: 5923133029589811630

1 Descartes the Grasshopper (level 1, -1/10 HPs)
             Began as a Felid Wanderer on Mar 13, 2022.
             Slain by a rat (2 damage)
             ... on level 1 of the Dungeon.
             The game lasted 00:00:52 (20 turns).

Descartes the Grasshopper (Felid Wanderer)            Turns: 20, Time: 00:00:53

Health: -1/10      AC:  1    Str:  9    XL:     1   Next: 16%
Magic:  4/4        EV: 16    Int: 12    God:
Gold:   0          SH:  0    Dex: 15    Spells: 4/4 levels left
                                        Lives:  0   Deaths: 0

rFire   . . .      SeeInvis +   (weapon unavailable)
rCold   . . .      Faith    .   (shield unavailable)
rNeg    . . .      Spirit   .   (armour unavailable)
rPois   .          Reflect  .   (helmet unavailable)
rElec   .          Harm     .   (cloak unavailable)
rCorr   .          Rampage  .   (gloves unavailable)
Will    .....                   (boots unavailable)
Stlth   +.........              (no amulet)
HPRegen 0.03/turn               (no ring)
MPRegen 0.09/turn               (no ring)

@: quick
A: very small, claws 1, fangs 3, see invisible, speed 1, shaggy fur 1, stealthy
paws, no weapons or thrown items, no armour, multi-lived
a: no special abilities


You were on level 1 of the Dungeon.
You visited 1 branch of the dungeon, and saw 1 of its levels.

Inventory:

Scrolls
 a - a scroll of fog


   Skills:
 + Level 3.0 Fighting
 * Level 1.4 Dodging
 * Level 0.1 Stealth
 * Level 0.0 Unarmed Combat
 - Level 2.0 Spellcasting
 + Level 3.0 Translocations
 + Level 0.0 Transmutations
 - Level 1.7 Air Magic


You had 4 spell levels left.
You didn't know any spells.
Your spell library contained the following spells:

 Spells                   Type           Power      Damage    Failure   Level
 Apportation              Tloc           16%        N/A       8%          1
 Shock                    Conj/Air       12%        1d3       19%         1
 Teleport Other           Tloc           8%         N/A       24%         3
 Corpse Rot               Necr/Air       6%         N/A       28%         2
 Poisonous Vapours        Pois/Air       6%         N/A       28%         2


Dungeon Overview and Level Annotations

Branches:
Dungeon (1/15)

Altars:


Innate Abilities, Weirdness & Mutations

You have sharp claws.
You have razor-sharp teeth.
You have supernaturally acute eyesight. (SInv)
You cover ground quickly. (Speed+)
You are covered in fur. (AC +1)
Your paws help you pounce on unaware monsters.
You are incapable of wielding weapons or throwing items.
You cannot wear armour.
You gain extra lives every three experience levels.


Message History

The ball python is heavily wounded.
The bat hits you. The ball python bites you. The ball python constricts you.
You are too injured to fight recklessly!
You are too injured to fight recklessly!
You are too injured to fight recklessly!
You are too injured to fight recklessly!
You are too injured to fight recklessly!
You are too injured to fight recklessly!
You are too injured to fight recklessly!
You are too injured to fight recklessly!
You are too injured to fight recklessly!
You are too injured to fight recklessly!
You are too injured to fight recklessly!
You are too injured to fight recklessly!
You are too injured to fight recklessly!
You are too injured to fight recklessly!
You are too injured to fight recklessly!
You are too injured to fight recklessly!
You are too injured to fight recklessly!
You are too injured to fight recklessly!
You are too injured to fight recklessly!
You closely miss the ball python.
The ball python is heavily wounded.
The bat barely misses you. The ball python closely misses you.
The ball python constricts you.
You scratch the ball python.
The ball python is severely wounded.
The bat hits you but does no damage. The ball python barely misses you.
The ball python constricts you.
* * * LOW HITPOINT WARNING * * *
The bat closely misses you.
You scratch the ball python.
You kill the ball python!
The bat closely misses you.
You barely miss the bat. The bat hits you.
* * * LOW HITPOINT WARNING * * *
The rat barely misses you. The bat hits you.
* * * LOW HITPOINT WARNING * * *
The bat closely misses you. The rat bites you.
You die...

########### ......
#....<....# ......
#.........# #....
#.........# #...
#..#...#..# #...
#.........#
##...#####.........#
#........#..#...#..#
#....@b..#.........#
#....r....(.°≈.≈.....
#........#..#.8.#..###
#........#.........#
..........####+#+####
........?...
...........##
............ .......


You could see a bat and a rat.

Vanquished Creatures
  A ball python (D:1)
1 creature vanquished.

Notes
Turn   | Place    | Note
-------+----------+-------------------------------------------
     0 | D:1      | Descartes the Felid Wanderer began the quest for the Orb.
     0 | D:1      | Descartes set off with the following items: a scroll of
                  | fog; and the following spells available to memorise:
                  | Apportation, Shock, Teleport Other, Corpse Rot, Poisonous
                  | Vapours
     0 | D:1      | Reached XP level 1. HP: 10/10 MP: 4/4
    20 | D:1      | Slain by a rat

Illustrated notes

Levels and vault maps discovered:
D:1:      shiori_arrival_oz, layout_basic, ebering_ecumenical_altar_webs

Action                   || total
-------------------------++-------
Melee: Unarmed           ||     6
Armor: Skin              ||     1
Dodge: Dodged            ||     8
